 Dungeon Crawl Stone Soup version 0.23-a0-106-g63f3d0b (webtiles) character file.

9 galech the Skirmisher (level 2, 16/24 HPs)
             Began as a Demonspawn Berserker on Aug 20, 2018.
             Was a Follower of Trog.
             Quit the game on level 1 of the Dungeon.
             The game lasted 00:00:27 (242 turns).

galech the Skirmisher (Demonspawn Berserker)         Turns: 242, Time: 00:00:28

Health: 16/24      AC:  2    Str: 17    XL:     2   Next: 3%
Magic:  0/2        EV: 12    Int:  8    God:    Trog [*.....]
Gold:   0          SH:  0    Dex: 12    Spells: 1/1 levels left

rFire    . . .     SeeInvis .   a - +0 hand axe
rCold    . . .     Gourm    .   (no shield)
rNeg     . . .     Faith    .   b - +0 animal skin
rPois    .         Spirit   +   (helmet restricted)
rElec    .         Reflect  .   (no cloak)
rCorr    .         Harm     .   (no gloves)
MR       .....                  (no boots)
Stlth    +.........             e - amulet of guardian spirit
HPRegen  0.08/turn              (no ring)
MPRegen  0.08/turn              (no ring)

@: no status effects
A: antennae 1
a: Berserk, Renounce Religion


You were on level 1 of the Dungeon.
You worshipped Trog.
Trog was aware of your devotion.
You were not hungry.

You visited 1 branch of the dungeon, and saw 1 of its levels.

Inventory:

Hand Weapons
 a - a +0 hand axe (weapon)
Armour
 b - a +0 animal skin (worn)
Jewellery
 e - an amulet of guardian spirit (around neck)
Scrolls
 f - a scroll of remove curse {unknown}
Potions
 g - a potion of heal wounds {unknown}
Comestibles
 c - a ration
 d - 3 chunks of flesh


   Skills:
 + Level 3.1 Fighting
 + Level 3.0 Axes
 + Level 1.9 Armour
 + Level 1.8 Dodging


You had one spell level left.
You didn't know any spells.
Your spell library was empty.

Dungeon Overview and Level Annotations

Branches:
Dungeon (1/15)

Altars:


Innate Abilities, Weirdness & Mutations

You have a pair of small antennae on your head.


Message History

You hit the kobold.
The kobold is severely wounded.
The kobold barely misses you.
Some of the chunks of flesh in your inventory have rotted away.
You closely miss the kobold.
The kobold is severely wounded.
The kobold closely misses you.
You barely miss the kobold.
The kobold is severely wounded.
The kobold misses you.
You hit the kobold but do no damage.
The kobold is severely wounded.
The kobold hits you with a short sword.
You hit the kobold.
You kill the kobold!
Trog accepts your kill.
You have reached level 2!
Your demonic ancestry asserts itself...
A pair of antennae grows on your head!
Are you sure you want to abandon this character and quit the game? (Confirm with "yes".)

#......# #......#.#
...... #......#.##......
......#.........
#.....#......... ...
##+#[..# ..............
.#.....†# #.............
.......@#+#.............
......).)...!######.....
........................
##.................##...
..#+#..............##...
. #..............##...
.....................
#.................##..
#.....................


There were no monsters in sight!

Vanquished Creatures
  A giant cockroach (D:1)
  A goblin (D:1)
  A hobgoblin (D:1)
  A kobold (D:1)
  2 bats (D:1)
  A frilled lizard (D:1)
  A rat (D:1)
8 creatures vanquished.

Notes
Turn   | Place    | Note
-------+----------+-------------------------------------------
     0 | D:1      | galech the Demonspawn Berserker began the quest for the Orb.
     0 | D:1      | Reached XP level 1. HP: 18/18 MP: 1/1
   241 | D:1      | Gained mutation: You have a pair of small antennae on your head. [demonic ancestry]
   241 | D:1      | Reached XP level 2. HP: 16/24 MP: 0/2
   242 | D:1      | Quit the game

Vault maps used:
D:1:      dpeg_arrival_connections, minmay_crystal_room

Skill      XL: |  1 |
---------------+----+-----
Axes           | 3 |  3.0
Fighting       | |  3.1
Armour         | |  1.9
Dodging        | |  1.8

Action                   || total
-------------------------++-------
Melee: Hand axe          ||    27
Invok: Berserk           ||     1
Armor: Animal skin       ||     4
Dodge: Dodged            ||    24

Table legend:
 A = Non-vault XP
 B = Vault XP
 C = Vault XP percentage of total XP
 D = Non-vault monster count
 E = Vault monster count
 F = Vault count percentage of total count
                 A         B        C        D         E       F
            +---------+---------+-------+---------+---------+-------
      Total |      13 |       0 |   0.0 |       8 |       0 |   0.0
            +---------+---------+-------+---------+---------+-------
        D:1 |      13 |       0 |   0.0 |       8 |       0 |   0.0
            +---------+---------+-------+---------+---------+-------
